 Dungeon Crawl Stone Soup version 0.30-a0-439-g9e77e4d916 (webtiles) character file.

Game seed: 2392723761146594791

2647 Emberiza the Severer (level 9, -3/105 HPs)
             Began as a Minotaur Berserker on Dec 10, 2022.
             Was an Elder of Trog.
             Killed from afar by an electric eel (4 damage)
             ... with a bolt of electricity
             ... on level 7 of the Dungeon.
             The game lasted 00:08:21 (6133 turns).

Emberiza the Severer (Minotaur Berserker)           Turns: 6133, Time: 00:08:22

Health: -3/105     AC: 16    Str: 26    XL:     9   Next: 36%
Magic:  8/8        EV:  7    Int:  4    God:    Trog [****..]
Gold:   331        SH:  6    Dex: 10    Spells: 8/8 levels left

rFire   . . .      SeeInvis .    t - +0 war axe
rCold   . . .      Faith    .    C - +0 kite shield
rNeg    + . .      Spirit   .    o - +4 chain mail {rN+}
rPois   .          Reflect  .    (helmet restricted)
rElec   .          Harm     .    n - +0 cloak
rCorr   .          Rampage  .    q - +0 pair of gloves
Will    +....                    r - +0 pair of boots
Stlth   ..........               (no amulet)
HPRegen 0.37/turn                p - ring of willpower
MPRegen 0.11/turn                (no ring)

@: berserking (expiring), very quick
A: horns 2, retaliatory headbutt
a: Renounce Religion, Berserk, Trog's Hand, Brothers in Arms


You were on level 7 of the Dungeon.
You worshipped Trog.
Trog was greatly pleased with you.
You visited 1 branch of the dungeon, and saw 7 of its levels.

You collected 331 gold pieces.

Inventory:

Hand Weapons
 a - a +0 hand axe
 s - a +1 vorpal scythe
 t - a +0 war axe (weapon)
 x - a +2 morningstar of draining
Missiles
 y - 7 throwing nets (quivered)
Armour
 b - a +0 animal skin
 f - a +0 ring mail
 i - a +0 scale mail
 n - a +0 cloak (worn)
 o - a +4 chain mail of positive energy (worn)
 q - a +0 pair of gloves (worn)
 r - a +0 pair of boots (worn)
 w - an orb of light
 C - a +0 kite shield (worn)
Jewellery
 p - a ring of willpower (left hand)
Wands
 v - a wand of flame (14)
Scrolls
 d - 3 scrolls of vulnerability
 e - 3 scrolls of blinking
 j - a scroll of identify
 k - 5 scrolls of teleportation
 z - 2 scrolls of enchant armour
 B - a scroll of magic mapping {unknown}
Potions
 c - 3 potions of curing
 g - a potion of attraction
 h - 2 potions of lignification
 l - a potion of flight {unknown}
 m - 3 potions of mutation {unknown}
 u - a potion of degeneration {unknown}
 A - 2 potions of might {unknown}
 D - a potion of ambrosia {unknown}
 E - a potion of heal wounds {unknown}


   Skills:
 - Level 3.6 Fighting
 + Level 15.3 Axes
 - Level 2.4 Armour
 - Level 2.1 Dodging


You had 8 spell levels left.
You didn't know any spells.
Your spell library was empty.

Dungeon Overview and Level Annotations

Branches:
Dungeon (7/15)             Temple (0/1) D:4

Altars:
Cheibriados
Sif Muna
Vehumet
Zin

Shops:
D:5 [   D:7 :

Portals:
Abyss: D:7

Annotations:
D:7 2 transporters, Jano's ghost, novice DsFi


Innate Abilities, Weirdness & Mutations

You have a pair of horns on your head.
You reflexively headbutt those who attack you in melee.


Message History

You struggle against the net.
The electric eel shoots out a bolt of lightning at you!
The bolt of electricity hits you!
* * * LOW HITPOINT WARNING * * *
The bolt of electricity hits you.
* * * LOW HITPOINT WARNING * * *
The bolt of electricity hits the electric eel.
The electric eel completely resists.
The bolt of electricity hits the hound!
The hound barks!
You struggle against the net.
You hear a bark!
You hear a shout!
The electric eel shoots out a bolt of lightning at you!
The bolt of electricity hits you.
* * * LOW HITPOINT WARNING * * *
The bolt of electricity hits you.
* * * LOW HITPOINT WARNING * * *
The bolt of electricity hits the electric eel.
The electric eel completely resists.
The bolt of electricity hits the hound!
The hound dies!
The gnoll hits you but does no damage.
Okay, then.
A red film seems to cover your vision as you go berserk!
You feel yourself moving faster!
You feel mighty!
The electric eel shoots out a bolt of lightning at you!
The bolt of electricity hits you.
* * * LOW HITPOINT WARNING * * *
The bolt of electricity hits you.
* * * LOW HITPOINT WARNING * * *
The bolt of electricity hits the electric eel.
The electric eel completely resists.
The gnoll hits you from afar with a +0 spear.
* * * LOW HITPOINT WARNING * * *
You struggle against the net.
You feel a strong urge to attack something.
You rip the net and break free!
The electric eel shoots out a bolt of lightning at you!
The bolt of electricity hits you.
* * * LOW HITPOINT WARNING * * *
The bolt of electricity hits you.
You die...

#...............
#...............
#.##............
##.###...........
######..#...........#.
##......##...........#.
#..####..............#)
##.#.....≈≈≈≈≈≈≈≈.......
#......@≈≈......≈.......
#...≈≈≈S≈...##..≈≈......
#.g≈≈.g(g..## ..≈≈≈SS..
##.≈......## #..hgh≈≈.
#.≈......# #.....g≈.
#.≈....... .......≈.
#.≈...##... ..##...≈.
#.≈..# #...


You could see an electric eel and 3 gnolls.

Vanquished Creatures
  Sigmund (D:4)
  A steam dragon (D:7)
  A water moccasin (D:5)
  A black bear (D:5)
  4 ice beasts
  3 ogres
  A phantom (D:5)
  A bullfrog (D:7)
  2 gnoll sergeants (D:7)
  A necrophage (D:4)
  5 wights (D:7)
  A howler monkey (D:5)
  An orc priest (D:5)
  3 jellies
  3 gnoll boudas
  3 hounds
  Terence (D:3)
  5 iguanas
  4 orc wizards
  A mummy (D:5)
  Robin (D:4)
  17 gnolls
  8 adders
  2 shadow imps
  A white imp (D:7)
  2 worms (D:2)
  A dart slug (D:1)
  7 orcs
  2 ball pythons
  7 endoplasms
  3 giant cockroaches
  17 goblins
  5 hobgoblins
  6 jackals
  5 quokkas
  10 bats
  A frilled lizard (D:3)
  8 kobolds
  6 rats
152 creatures vanquished.

Vanquished Creatures (others)
  A hound (D:7)
  A gnoll (D:7)
2 creatures vanquished.

Grand Total: 154 creatures vanquished

Notes
Turn   | Place    | Note
-------+----------+-------------------------------------------
     0 | D:1      | Emberiza the Minotaur Berserker began the quest for the
                  | Orb.
     0 | D:1      | Reached XP level 1. HP: 19/19 MP: 0/0
   278 | D:1      | Reached skill level 4 in Axes
   440 | D:1      | Reached XP level 2. HP: 26/26 MP: 1/1
   933 | D:2      | Reached skill level 5 in Axes
   933 | D:2      | Reached XP level 3. HP: 24/31 MP: 2/2
  1230 | D:2      | Reached ** piety under Trog
  1272 | D:2      | Reached skill level 6 in Axes
  1272 | D:2      | Reached XP level 4. HP: 36/39 MP: 3/3
  1620 | D:3      | You fall into a shaft and drop 1 floor!
  1696 | D:4      | Found a staircase to the Ecumenical Temple.
  1707 | D:4      | Noticed an ogre
  1715 | D:4      | Killed an ogre
  1716 | D:4      | Reached skill level 7 in Axes
  1716 | D:4      | Reached XP level 5. HP: 9/45 MP: 4/4
  2212 | D:4      | Noticed Robin
  2221 | D:4      | Killed Robin
  2222 | D:4      | Reached skill level 8 in Axes
  2256 | D:4      | Reached XP level 6. HP: 25/51 MP: 5/5
  2678 | D:3      | Noticed Terence
  2692 | D:3      | Killed Terence
  3094 | D:4      | Reached skill level 9 in Axes
  3291 | D:4      | Noticed Sigmund
  3299 | D:4      | Killed Sigmund
  3300 | D:4      | Reached XP level 7. HP: 57/57 MP: 6/6
  3338 | D:4      | Reached skill level 10 in Axes
  3489 | D:5      | Entered Level 5 of the Dungeon
  3599 | D:5      | Reached *** piety under Trog
  3605 | D:5      | Reached skill level 11 in Axes
  3633 | D:5      | Reached XP level 8. HP: 48/64 MP: 7/7
  3728 | D:5      | Found Zeewabec's Armour Shop.
  3765 | D:5      | Reached skill level 12 in Axes
  4024 | D:5      | Found a snail-covered altar of Cheibriados.
  4183 | D:6      | Found a radiant altar of Vehumet.
  4218 | D:6      | Found a glowing silver altar of Zin.
  4262 | D:6      | Found a shimmering blue altar of Sif Muna.
  4312 | D:6      | Reached skill level 13 in Axes
  4843 | D:7      | Reached skill level 14 in Axes
  4941 | D:7      | Found Kuufu's Vocational Training.
  5111 | D:7      | Reached XP level 9. HP: 61/70 MP: 8/8
  5166 | D:7      | Found a transporter.
  5169 | D:7      | Found a transporter.
  5171 | D:7      | Noticed Jano's ghost (novice DsFi)
  5173 | D:7      | Found a one-way gate to the infinite horrors of the Abyss.
  5323 | D:7      | Reached **** piety under Trog
  5335 | D:7      | Reached skill level 15 in Axes
  6131 | D:7      | HP: 5/105 [gnoll/+0 spear (3)]
  6133 | D:7      | HP: 1/105 [electric eel/bolt of electricity (5)]
  6133 | D:7      | Killed from afar by an electric eel

Illustrated notes

Levels and vault maps discovered:
D:1:      minmay_arrival_four_houses, layout_basic
D:2:      layout_loops_cross, st_stairs_12
D:3:      layout_basic, uniq_terence
D:4:      layout_loops_cross, minmay_temple_entry_sparse_star, uniq_robin,
          uniq_sigmund
D:5:      layout_cave_pools, slow_altar_2, serial_shops, shop
D:6:      layout_loops_ring, vehumet_altar_wand_db, zin_treasury,
          mainiacjoe_overflow_boulevard
D:7:      layout_cave_pools, mainiacjoe_overflow_cross_hatched,
          gammafunk_ghost_abyssal_escape, serial_gnoll_camp,
          gnoll_camp_huts_moat, gnoll_camp_mini_sergeant, gnoll_camp_mini_hut,
          gnoll_camp_medium_02, nicolae_shop_vocational

Skill      XL: |  1  2  3  4  5  6  7  8  9 |
---------------+----------------------------+-----
Axes           | 4 5 6 7 8 9 11 14 15 | 15.3
Fighting       | |  3.6
Armour         | |  2.4
Dodging        | |  2.1

Action                   |  1- 3 |  4- 6 |  7- 9 || total
-------------------------+-------+-------+-------++-------
Melee: Hand axe          |    74 |    91 |       ||   165
       Headbutt          |    10 |    16 |    28 ||    54
       Halberd           |       |       |    65 ||    65
       Morningstar       |       |       |    43 ||    43
       War axe           |       |       |    58 ||    58
Invok: Berserk           |     1 |     4 |     3 ||     8
  Use: Scroll            |     2 |       |     5 ||     7
Armor: Animal skin       |     1 |       |       ||     1
       Ring mail         |    17 |       |       ||    17
       Scale mail        |    14 |    15 |       ||    29
       Chain mail        |       |     3 |   132 ||   135
Dodge: Dodged            |    51 |    53 |    60 ||   164
Block: Kite shield       |       |       |    13 ||    13

Table legend: (Time is in decaauts)
 A = Elapsed time spent in this place.
 B = Non-inter-level travel time spent in this place.
 C = Inter-level travel time spent in this place.
 D = Time resting spent in this place.
 E = Time spent auto-exploring this place.
 F = Levels seen in this place.
 G = Mean time per level.
                   A        B        C        D        E       F      G
               +--------+--------+--------+--------+--------+-----+--------+
         Total |   6194 |   5899 |    295 |    984 |   3782 |   7 |  884.9 |
       Dungeon |   6194 |   5899 |    295 |    984 |   3782 |   7 |  884.9 |
               +--------+--------+--------+--------+--------+-----+--------+

Top non-repeatable levels by time:
     D:7: 1303 daAuts
     D:4: 1219 daAuts
     D:3: 890 daAuts
     D:1: 712 daAuts
     D:2: 708 daAuts
     D:6: 682 daAuts
     D:5: 677 daAuts
